 Dungeon Crawl Stone Soup version 0.31-a0-1005-gfbdfbacc72 (webtiles) character file.

Game seed: 16844429294990050535

61 night the Ruffian (level 4, 0/64 HPs)
             Began as an Octopode Shapeshifter on Nov 10, 2023.
             Succumbed to Sigmund's poison
             ... on level 3 of the Dungeon.
             The game lasted 00:02:59 (2208 turns).

night the Ruffian (Octopode Shapeshifter)           Turns: 2208, Time: 00:03:00

Health: 0/64       AC: 22    Str: 15    XL:     4   Next: 7%
Magic:  4/4        EV:  2    Int: 12    God:
Gold:   160        SH:  0    Dex: 17    Spells: 3/3 levels left

rFire   . .          .
                       - Unarmed
rCold   . . .        (no shield)
rNeg    . . .        (helmet currently unavailable)
rPois   +            (no amulet)
rElec   .            n - +6 ring of dexterity
rCorr   .            (no ring)
SInv    .            (no ring)
Will    .....        (no ring) Stlth
                     (no ring)
HPRegen 0.30/turn    (no ring)
MPRegen 0.09/turn    (no ring)
                     (no ring)

%: no passive effects
@: confused, berserking (expiring), lethally poisoned (0 -> -3), tree-form,
hasted, very quick
A: stationary, stasis, torment immunity, boosted hp, almost no armour,
(amphibious), 8 rings, (camouflage 1), (gelatinous body 1), (nimble swimmer 1),
(tentacles)
a: no special abilities


You were on level 3 of the Dungeon.
You were a tree.
You visited 1 branch of the dungeon, and saw 3 of its levels.

You collected 160 gold pieces.

Inventory:

Missiles
 e - 24 stones
 h - 2 poisoned darts
 i - 2 atropa-tipped darts
 r - 2 javelins
Jewellery
 j - an amulet of guardian spirit
 n - a +6 ring of dexterity (left branch)
Talismans
 b - a beast talisman
 c - a flux talisman
Scrolls
 o - a scroll of immolation
 p - a scroll of poison {unknown}
 s - a scroll of teleportation {unknown}
Potions
 a - a potion of lignification
 d - a potion of haste
 f - a potion of heal wounds {unknown}
 g - a potion of attraction {unknown}
 k - a potion of curing {unknown}
 l - a potion of degeneration {unknown}
 m - a potion of berserk rage
 q - 3 potions of magic {unknown}


   Skills:
 + Level 1.8 Fighting
 - Level 2.0 Dodging
 + Level 2.0 Stealth
 * Level 3.8 Unarmed Combat
 + Level 0.1 Hexes
 + Level 3.3 Shapeshifting


You had 3 spell levels left.
You didn't know any spells.
Your spell library contained the following spells:

 Spells                   Type           Power      Damage    Failure   Level
 Slow                     Hex            0%         N/A       30%         1
 Confusing Touch          Hex            0%         N/A       67%         3
 Sigil of Binding         Hex            0%         N/A       67%         3
 Tukima's Dance           Hex            0%         N/A       67%         3
 Vampiric Draining        Necr           0%         2d6       69%         3
 Dimensional Bullseye     Hex/Tloc       0%         N/A       97%         4
 Iskenderun's Mystic Bla  Conj/Tloc      0%         2d3       97%         4


Dungeon Overview and Level Annotations

Branches:
Dungeon (3/15)

Altars:

Annotations:
D:3 2 transporters, Cris's ghost, amateur DsCj; Sigmund


Innate Abilities, Weirdness & Mutations

You are a tree.
Your roots penetrate the ground, keeping you stationary.
You cannot be teleported.
You are immune to unholy pain and torment.
Your maximum health is greatly increased.
You cannot wear most types of armour.
((You are amphibious.))
You can wear up to eight rings at the same time.
((Your skin changes colour to match your surroundings (Stealth+).))
((Your rubbery body absorbs attacks. (AC +1, EV +1)))
((You are camouflaged when in or above water. (Stealth+)))
((You have tentacles for arms and can constrict up to eight enemies at once.))


Message History

Sigmund is heavily wounded.
You constrict Sigmund.
* * * LOW HITPOINT WARNING * * *
You feel very sick. Sigmund gestures at you while chanting.
You are confused.
Your transformation has ended.
You turn into a tree.
Your roots penetrate the ground.
You lose your grip on Sigmund.
* * * LOW HITPOINT WARNING * * *
You feel very sick. Sigmund casts a spell at you. The puff of flame hits you.
* * * LOW HITPOINT WARNING * * *
It was a potion of haste.
You feel yourself speed up.
* * * LOW HITPOINT WARNING * * *
You feel sick.
Sigmund laughs darkly.
Sigmund completely misses you.
It was a potion of berserk rage.
A red film seems to cover your vision as you go berserk!
You feel yourself moving faster!
You feel mighty!
* * * LOW HITPOINT WARNING * * *
You feel sick.
You are too berserk!
You cannot move. (Use ctrl+direction or * direction to attack while stationary and confused.)
You cannot move. (Use ctrl+direction or * direction to attack while stationary and confused.)
You cannot move. (Use ctrl+direction or * direction to attack while stationary and confused.)
You miss Sigmund.
Sigmund is severely wounded.
* * * LOW HITPOINT WARNING * * *
You feel sick. Sigmund gestures at you while chanting.
You resist with some effort.
You swing at nothing.
* * * LOW HITPOINT WARNING * * *
You feel sick.
You attack the rock wall.
You feel a strong urge to attack something.
You die...

........#.. 8... #..#..)#
###.##..#..##..?##..#...#
#.##..# ..........#...#
#.....#.....ZZ....#...#######.
####..#############...........
#........©........####.....
#.................# ###
#########...###.### ###♣# #.#
#@..#.. ###....# ...## ..##
.##


You could see Sigmund, a water moccasin zombie and a bullfrog skeleton.

Vanquished Creatures
  Terence (D:2)
  A dart slug (D:3)
  2 endoplasms (D:2)
  2 giant cockroaches (D:1)
  4 goblins
  4 hobgoblins
  A quokka (D:1)
  5 ball pythons
  3 bats
  3 frilled lizards
  4 kobolds
  A rat (D:1)
31 creatures vanquished.

Notes
Turn   | Place    | Note
-------+----------+-------------------------------------------
     0 | D:1      | night the Octopode Shapeshifter began the quest for the
                  | Orb.
     0 | D:1      | Reached XP level 1. HP: 13/13 MP: 1/1
   273 | D:1      | Reached XP level 2. HP: 18/18 MP: 2/2
   303 | D:1      | Reached skill level 1 in Stealth
  1139 | D:2      | Noticed Terence
  1150 | D:2      | Killed Terence
  1151 | D:2      | Reached XP level 3. HP: 10/24 MP: 3/3
  1557 | D:2      | Reached skill level 2 in Stealth
  1920 | D:3      | Reached XP level 4. HP: 28/29 MP: 4/4
  2066 | D:3      | Found a transporter.
  2189 | D:3      | Found a transporter.
  2193 | D:3      | Noticed Cris's ghost (amateur DsCj)
  2193 | D:3      | Noticed Sigmund
  2203 | D:3      | HP: 6/43 [poisoned by Sigmund]
  2204 | D:3      | HP: 2/43 [poisoned by Sigmund]
  2208 | D:3      | Succumbed to Sigmund's poison

Illustrated notes

Levels and vault maps discovered:
D:1:      sevenhm_arrival_forest_fort_large_2, layout_basic
D:2:      layout_basic, uniq_terence
D:3:      layout_loops_cross, nemelex_spade_bored_becter,
          gammafunk_ghost_mausoleum, uniq_sigmund

Skill      XL: |  1  2  3 |
---------------+----------+-----
Stealth        | 1 2 |  2.0
Fighting       | |  1.8
Dodging        | |  2.0
Unarmed Combat | |  3.8
Hexes          | |  0.1
Shapeshifting  | |  3.3

Action                     |  1- 3 |  4- 6 || total
---------------------------+-------+-------++-------
  Melee: Unarmed           |    49 |    10 ||    59
         Constrict         |    12 |     3 ||    15
         Tentacles         |     8 |     2 ||    10
         Punch             |     3 |       ||     3
    Use: Potion            |       |     3 ||     3
         Scroll            |       |     2 ||     2
   Stab: Sleeping          |     5 |     2 ||     7
 Armour: Skin              |    19 |     4 ||    23
  Dodge: Dodged            |    28 |     3 ||    31

Table legend: (Time is in decaauts)
 A = Elapsed time spent in this place.
 B = Non-inter-level travel time spent in this place.
 C = Inter-level travel time spent in this place.
 D = Time resting spent in this place.
 E = Time spent auto-exploring this place.
 F = Levels seen in this place.
 G = Mean time per level.
                   A        B        C        D        E       F      G
               +--------+--------+--------+--------+--------+-----+--------+
         Total |   2202 |   2115 |     87 |     57 |   1809 |   3 |  734.0 |
       Dungeon |   2202 |   2115 |     87 |     57 |   1809 |   3 |  734.0 |
               +--------+--------+--------+--------+--------+-----+--------+

Top non-repeatable levels by time:
     D:1: 978 daAuts
     D:2: 929 daAuts
     D:3: 294 daAuts
